 Dungeon Crawl Stone Soup version 0.26.1-11-gd32895ea62 (webtiles) character file.

Game seed: 14760704887296345699

2685 Felido the Slasher (level 9, -7/62 HPs)
             Began as a Demonspawn Chaos Knight on June 27, 2021.
             Was a Plaything of Xom.
             Killed from afar by a storm dragon (37 damage)
             ... with a bolt of lightning
             ... on level 8 of the Dungeon.
             The game lasted 00:28:17 (6354 turns).

Felido the Slasher (Demonspawn Chaos Knight)        Turns: 6354, Time: 00:28:18

Health: -7/62      AC:  3    Str: 18    XL:     9   Next: 38%
Magic:  0/18       EV: 14    Int: 16    God:    Xom [..*...]
Gold:   421        SH:  0    Dex: 12    Spells: 5/8 levels left

rFire    . . .     SeeInvis .   D - +2 rapier (chaos)
rCold    . . .     Faith    .   (no shield)
rNeg     . . .     Spirit   +   (no armour)
rPois    .         Reflect  .   (helmet restricted)
rElec    .         Harm     .   t - +0 cloak
rCorr    .         Rampage  .   i - +1 pair of gloves
Will     .....     Rnd*Tele +   (no boots)
Stlth    +++.......             h - amulet of regeneration
HPRegen  0.60/turn              f - ring of magical power
MPRegen  0.32/turn              O - ring of wizardry

@: no status effects
A: antennae 1, talons 1, clever 1, frail 1, mutation resistance 1, powered by
death 2, strong 1, teleportitis 1, magic shield, magic regeneration
a: Renounce Religion


You were on level 8 of the Dungeon.
You worshipped Xom.
You were a toy of Xom.
You visited 2 branches of the dungeon, and saw 9 of its levels.

You collected 421 gold pieces.

Inventory:

Hand Weapons
 a - a +0 falchion of chaos
 D - a +2 rapier of chaos (weapon)
 J - a +0 vorpal broad axe
 L - a +0 quarterstaff of speed
 N - a +1 hand axe of venom
 Q - a +2 mace of chaos
Missiles
 r - 3 boomerangs of dispersal (quivered)
Armour
 i - a +1 pair of gloves (worn)
 o - a +3 leather armour of cold resistance
 t - a +0 cloak (worn)
 x - a +0 helmet
 K - +1 swamp dragon scales
Magical Staves
 s - an uncursed staff of conjuration
Jewellery
 e - an uncursed amulet of guardian spirit
 f - a ring of magical power (left hand)
 h - an amulet of regeneration (around neck)
 j - an uncursed amulet of faith
 l - an uncursed ring of ice
 u - an uncursed amulet of guardian spirit
 E - an uncursed amulet of magic regeneration
 O - a ring of wizardry (right hand)
 P - an uncursed ring of ice
Wands
 c - a wand of random effects (16)
 n - a wand of acid (9)
 G - a wand of polymorph (11)
 I - a wand of enslavement (10)
Scrolls
 b - 3 scrolls of magic mapping
 p - 2 scrolls of remove curse
 v - a scroll of amnesia
 y - a scroll of immolation
 A - a scroll of acquirement {unknown}
 B - a scroll of random uselessness
 C - a scroll of identify
 F - 3 scrolls of teleportation {unknown}
Potions
 d - 4 potions of curing
 k - 3 potions of brilliance
 m - a potion of ambrosia
 q - a potion of might
 w - a potion of flight
 z - a potion of magic
 H - a potion of degeneration {unknown}
 M - a potion of berserk rage {unknown}
Miscellaneous
 g - a lightning rod (3/4)


   Skills:
 + Level 6.2 Fighting
 + Level 4.2(6.1) Short Blades
 + Level 6.8(7.4) Long Blades
 + Level 3.9 Armour
 + Level 4.4 Dodging
 + Level 4.4 Stealth
 + Level 0.1 Summonings
 + Level 1.3 Evocations


You had 5 spell levels left.
You knew the following spells:

 Your Spells              Type           Power        Failure   Level
a - Summon Small Mammal   Summ           0%           10%         1
b - Call Imp              Summ           0%           16%         2

Your spell library contained the following spells:

 Spells                   Type           Power        Failure   Level
 Call Canine Familiar     Summ           0%           28%         3
 Summon Guardian Golem    Hex/Summ       0%           28%         3
 Summon Ice Beast         Ice/Summ       0%           65%         4
 Summon Lightning Spire   Summ/Air       0%           65%         4


Dungeon Overview and Level Annotations

Branches:
Dungeon (8/15)             Temple (1/1) D:4            Lair (0/6) D:8

Altars:
Ashenzari
Cheibriados
Dithmenos
Elyvilon
Fedhas
Gozag
Hepliaklqana
Kikubaaqudgha
Makhleb
Nemelex Xobeh
Okawaru
Qazlal
Ru
Trog
Uskayaw
Vehumet
Wu Jian
Xom
Zin
The Shining One


Innate Abilities, Weirdness & Mutations

You have sharp toenails.
You regenerate health from kills.
When hurt, damage is shared between your health and your magic reserves.
You regenerate magic rapidly.
You have a pair of small antennae on your head.
Your mind is acute. (Int +2)
You are frail. (-10% HP)
You are somewhat resistant to further mutation.
Your muscles are strong. (Str +2)
You are occasionally teleported next to monsters.


Message History

The death yak evaporates and reforms as a storm dragon!
You are now a toy of Xom.
Hit: D) +2 rapier (chaos)
Press: ? - help, Dir - move target, f - you
Okay, then.
You closely miss the storm dragon. The storm dragon closely misses you. x2
The storm dragon misses you.
You hit the storm dragon but do no damage.
The storm dragon appears confused.
The storm dragon bites you! The storm dragon claws you.
The storm dragon barely misses you.
Aiming: Polymorph
Press: ? - help, Shift-Dir - straight line, f - storm dragon
Aim: a storm dragon (confused, will become a spark wasp, a ghost moth, or a great orb of eyes, chance to affect: 2%)
The storm dragon resists with almost no effort.
The storm dragon seems less confused.
The storm dragon breathes lightning at you.
The bolt of lightning hits you!!!
Ouch! That really hurt!
You die...
Xom is highly amused!

#....# #.####
#.# #.# #.#
##.## #...##
#....# #...@#
####D# .. #.#
....### #Y#
......r#####F#
#.FY.r.#
.....rr#######
.#..r.# .....#


You could see a storm dragon (catching breath), a death yak, a bullfrog and a
hell rat.

Vanquished Creatures
  Sigmund (D:2)
  A water moccasin (D:6)
  An orc warrior (D:6)
  An ice beast (D:6)
  A sky beast (D:5)
  3 ogres
  A necrophage (D:7)
  5 bullfrogs
  A scorpion (D:7)
  A howler monkey (D:4)
  3 hounds
  A quasit (D:6)
  An orc priest (D:6)
  3 jellies
  A bullfrog skeleton (D:5)
  2 orc wizards
  Jessica (D:3)
  Ijyb (D:3)
  An iguana (D:5)
  10 worker ants
  3 gnolls (D:3)
  A howler monkey skeleton (D:7)
  9 adders
  A shadow imp (D:5)
  2 white imps
  2 ufetubi
  An ooze (D:4)
  5 worms
  2 dart slugs
  7 leopard geckos
  24 orcs
  5 giant cockroaches
  5 hobgoblins
  11 jackals
  7 quokkas
  5 ball pythons
  8 bats
  3 frilled lizards
  A giant cockroach zombie (D:6)
  8 goblins
  A goblin zombie (D:5)
  5 kobolds
  A quokka skeleton (D:4)
  A quokka zombie (D:5)
  4 rats
162 creatures vanquished.

Vanquished Creatures (collateral kills)
  Joseph (D:7)
  Maggie (D:7)
  A sky beast (D:7)
  An orc wizard (D:4)
  A worker ant (D:7)
  An ufetubus (D:7)
  An orc (D:6)
  A bat (D:2)
8 creatures vanquished.

Grand Total: 170 creatures vanquished

Notes
Turn   | Place    | Note
-------+----------+-------------------------------------------
     0 | D:1      | Felido the Demonspawn Chaos Knight began the quest for the
                  | Orb.
     0 | D:1      | Reached XP level 1. HP: 18/18 MP: 1/1
    57 | D:1      | XOM: silly message
   230 | D:1      | Gained mutation: You have sharp toenails. [demonic
                  | ancestry]
   230 | D:1      | Reached XP level 2. HP: 21/24 MP: 2/2
   493 | D:1      | XOM: god gift: lightning rod (4/4)
   599 | D:1      | XOM: god gift: 16 gold pieces
   702 | D:1      | XOM: 2-stop teleportation journey
   824 | D:2      | Noticed Sigmund
   826 | D:2      | Killed Sigmund
   827 | D:2      | Reached skill level 1 in Dodging
   827 | D:2      | Reached XP level 3. HP: 30/30 MP: 3/3
   827 | D:2      | Gained mutation: You regenerate a little health from kills.
                  | [demonic ancestry]
   827 | D:2      | Reached XP level 4. HP: 37/37 MP: 4/4
   827 | D:2      | Gained mutation: When hurt, damage is shared between your
                  | health and your magic reserves. [demonic ancestry]
   827 | D:2      | Reached XP level 5. HP: 42/42 MP: 5/5
  1065 | D:2      | Found a bloodstained altar of Trog.
  1512 | D:2      | Found a hazy altar of Hepliaklqana.
  1766 | D:3      | Noticed Jessica
  1774 | D:3      | Noticed Ijyb
  1783 | D:3      | Killed Jessica
  1783 | D:3      | Killed Ijyb
  1784 | D:3      | Reached XP level 6. HP: 38/49 MP: 3/6
  1793 | D:3      | Reached skill level 5 in Long Blades
  1949 | D:3      | XOM: cloud trail
  2081 | D:3      | XOM: god gift: 17 sling bullets
  2734 | D:3      | Gained mutation: Armour fits poorly on your strangely
                  | shaped body. [potion of mutation]
  2734 | D:3      | Gained mutation: You are agile. (Dex +2) [potion of
                  | mutation]
  2734 | D:3      | Lost mutation: You are agile. (Dex +2) [potion of mutation]
  2734 | D:3      | Gained mutation: You expend magic power (3 MP) to
                  | strengthen your wands. [potion of mutation]
  2735 | D:3      | Lost mutation: Armour fits poorly on your strangely shaped
                  | body. [potion of mutation]
  2735 | D:3      | Lost mutation: You expend magic power (3 MP) to strengthen
                  | your wands. [potion of mutation]
  2735 | D:3      | Gained mutation: You are occasionally teleported next to
                  | monsters. [potion of mutation]
  2735 | D:3      | Gained mutation: Your spells are a little harder to cast,
                  | but a little more powerful. [potion of mutation]
  2735 | D:3      | Gained mutation: Your muscles are strong. (Str +2) [potion
                  | of mutation]
  2865 | D:4      | XOM: 1-stop teleportation journey
  3014 | D:4      | XOM: scenery: create altars
  3052 | D:4      | Found a sacrificial altar of Ru.
  3122 | D:4      | Found a staircase to the Ecumenical Temple.
  3139 | Temple   | Entered the Ecumenical Temple
  3245 | D:4      | Learned a level 1 spell: Summon Small Mammal
  3248 | D:4      | Learned a level 2 spell: Call Imp
  3275 | D:4      | XOM: polymorph worker ant -> ooze
  3401 | D:4      | XOM: smoke on damage
  3403 | D:4      | Reached skill level 1 in Stealth
  3486 | D:4      | Reached XP level 7. HP: 55/55 MP: 7/7
  3740 | D:5      | Entered Level 5 of the Dungeon
  3955 | D:5      | XOM: cleaving
  3961 | D:5      | Reached skill level 1 in Evocations
  3964 | D:5      | XOM: fog
  4027 | D:5      | Lost mutation: Your spells are a little harder to cast, but
                  | a little more powerful. [potion of mutation]
  4027 | D:5      | Gained mutation: You are frail. (-10% HP) [potion of
                  | mutation]
  4027 | D:5      | Gained mutation: You have a pair of small antennae on your
                  | head. [potion of mutation]
  4055 | D:5      | Reached skill level 5 in Fighting
  4191 | D:5      | Found a sand-covered staircase.
  4516 | D:5      | XOM: cleaving
  4567 | D:5      | XOM: scenery: create altars
  4716 | D:6      | XOM: enchant monster (good)
  4723 | D:6      | Gained mutation: You regenerate magic rapidly. [demonic
                  | ancestry]
  4723 | D:6      | Reached XP level 8. HP: 55/55 MP: 8/8
  4797 | D:6      | XOM: scenery: 1 doors close
  4798 | D:6      | XOM: fog
  4903 | D:6      | XOM: god gift: glowing rapier {god gift}
  4912 | D:6      | Found a hide-covered altar of Uskayaw.
  4914 | D:6      | Noticed a +0 dagger
  4914 | D:6      | Noticed a +0 dagger
  4964 | D:6      | Found a burning altar of Makhleb.
  5082 | D:6      | XOM: enchant monster (good)
  5141 | D:6      | Reached skill level 1 in Short Blades
  5593 | D:7      | Gained mutation: You regenerate health from kills. [demonic
                  | ancestry]
  5593 | D:7      | Reached XP level 9. HP: 62/62 MP: 9/9
  5683 | D:7      | Noticed Joseph
  5686 | D:7      | XOM: summons 5 friendly demons
  5688 | D:7      | Noticed Maggie
  5694 | D:7      | Killed Joseph
  5699 | D:7      | Killed Maggie
  5875 | D:7      | XOM: god gift: brass ring {god gift}
  5978 | D:7      | XOM: give mutations
  5978 | D:7      | Gained mutation: You are somewhat resistant to further
                  | mutation. [Xom's grace]
  5978 | D:7      | Gained mutation: Your mind is acute. (Int +2) [Xom's grace]
  6032 | D:7      | XOM: scenery: create altars
  6183 | D:7      | XOM: god gift: runed mace {god gift}
  6335 | D:8      | Noticed a death yak
  6337 | D:8      | Found a staircase to the Lair.
  6337 | D:8      | Noticed a death yak
  6337 | D:8      | Noticed a death yak
  6346 | D:8      | Noticed a storm dragon
  6346 | D:8      | a death yak changed into a storm dragon
  6346 | D:8      | XOM: polymorph death yak -> storm dragon
  6354 | D:8      | Killed from afar by a storm dragon

Illustrated notes

Levels and vault maps discovered:
D:1:      lightli_arrival_maybe_door_vault, layout_loops_ring
D:2:      layout_loops_cross, nzn_hepliaklqana_mist_gate,
          lightli_temple_of_fire, uniq_sigmund
D:3:      layout_basic, uniq_jessica, uniq_ijyb
D:4:      layout_loops_ring, nicolae_ru_great_annihilating_truth,
          minmay_temple_entry_slanted, gup_sewer_entry_pipe, minivault_11
D:5:      layout_rooms, enter_ossuary_4
D:6:      layout_basic, dancing_weapons_uskayaw, lemuel_statue_altar
D:7:      layout_loops_ring, uniq_maggie, uniq_joseph
D:8:      layout_loops_cross, dpeg_lair_monsters, minmay_joined_circles
Temple:   regret_index_temple_mists

Skill      XL: |  1  2  3  4  5  6  7  8  9 |
---------------+----------------------------+-----
Long Blades    | 3 4 5 6 |  6.8
Fighting       | 4 5 6 |  6.2
Armour         | 2 3 |  3.9
Dodging        | 1 2 3 4 |  4.4
Stealth        | 1 2 4 |  4.4
Evocations     | 1 |  1.3
Short Blades   | 2 4 |  4.2
Summonings     | |  0.1

Action                   |  1- 3 |  4- 6 |  7- 9 || total
-------------------------+-------+-------+-------++-------
Melee: Falchion          |    43 |   153 |   144 ||   340
       Kick              |     5 |    33 |    79 ||   117
       Rapier            |       |       |   116 ||   116
 Cast: Call Imp          |       |       |    12 ||    12
       Summon Small Mamm |       |       |     6 ||     6
Evoke: Lightning rod     |     2 |     3 |     5 ||    10
       Wand              |       |       |     1 ||     1
  Use: Scroll            |       |    10 |     6 ||    16
       Potion            |       |     5 |     3 ||     8
 Stab: Paralysed         |       |     1 |     4 ||     5
       Petrifying        |       |     1 |     1 ||     2
       Sleeping          |       |       |     3 ||     3
       Petrified         |       |       |     4 ||     4
       Distracted        |       |       |     2 ||     2
Armor: Leather armour    |    18 |    67 |    98 ||   183
       Skin              |       |       |     2 ||     2
Dodge: Dodged            |    33 |    96 |   182 ||   311
       Rpst.: Falchion   |     7 |    30 |    32 ||    69
